 Dungeon Crawl Stone Soup version 0.29.1-2-gbd0b4ee654 (webtiles) character file.

Game seed: 16206139864817886866

57 GorkyZ the Chopper (level 4, -5/27 HPs)
             Began as a Gargoyle Gladiator on Nov 30, 2022.
             Slain by an ogre
             ... wielding a +0 giant club
              (25 damage)
             ... on level 2 of the Dungeon.
             The game lasted 00:02:42 (1524 turns).

GorkyZ the Chopper (Gargoyle Gladiator)             Turns: 1524, Time: 00:02:43

Health: -5/27      AC: 10    Str: 19    XL:     4   Next: 0%
Magic:  4/4        EV: 10    Int:  9    God:
Gold:   46         SH:  0    Dex: 11    Spells: 3/3 levels left

rFire   . . .      SeeInvis .   a - +0 war axe
rCold   . . .      Faith    .   (no shield)
rNeg    + . .      Spirit   .   n - +0 scale mail
rPois   ∞          Reflect  .   c - +0 helmet
rElec   +          Harm     .   (no cloak)
rCorr   .          Rampage  .   (no gloves)
Will    .....                   (no boots)
Stlth   ..........              (no amulet)
HPRegen 0.09/turn               (no ring)
MPRegen 0.09/turn               (no ring)

@: no status effects
A: sickness immunity, AC +3, negative energy resistance 1, electricity
resistance, torment resistance 1, petrification resistance
a: no special abilities


You were on level 2 of the Dungeon.
You visited 1 branch of the dungeon, and saw 2 of its levels.

You collected 46 gold pieces.

Inventory:

Hand Weapons
 a - a +0 war axe (weapon)
Missiles
 d - 3 throwing nets (quivered)
 e - a javelin
Armour
 b - a +0 leather armour
 c - a +0 helmet (worn)
 j - a +0 ring mail
 l - a +0 chain mail
 n - a +0 scale mail (worn)
Jewellery
 k - a ring of fire
Scrolls
 f - a scroll of immolation {unknown}
 g - 2 scrolls of identify {unknown}
 m - a scroll of teleportation {unknown}
 o - a scroll of enchant armour {unknown}
Potions
 h - a potion of attraction {unknown}
 i - a potion of curing {unknown}
 p - a potion of mutation {unknown}


   Skills:
 + Level 2.6 Fighting
 * Level 3.3 Axes
 + Level 2.2 Throwing
 + Level 1.2 Armour
 + Level 2.7 Dodging


You had 3 spell levels left.
You didn't know any spells.
Your spell library was empty.

Dungeon Overview and Level Annotations

Branches:
Dungeon (2/15)

Altars:


Innate Abilities, Weirdness & Mutations

You are immune to sickness and miasma.
Your stone body is resilient. (AC +3)
You are immune to poison.
You resist negative energy. (rN+)
You are resistant to electric shocks. (rElec)
You are resistant to unholy torment.
You are immune to petrification.


Message History

A frilled lizard comes into view.
Found 13 gold pieces.
The frilled lizard hisses angrily.
You hit the worm.
The worm is moderately wounded.
An ogre comes into view. It is wielding a +0 giant club.
You barely miss the worm.
The worm is moderately wounded.
The ogre shouts!
The worm closely misses you.
You slash the worm!
The worm is severely wounded.
You barely miss the frilled lizard. The worm bites you.
The frilled lizard closely misses you.
You barely miss the worm.
The worm is severely wounded.
You barely miss the frilled lizard. The frilled lizard barely misses you.
The worm bites you.
You hit the worm but do no damage.
The worm is heavily wounded.
You barely miss the frilled lizard.
The frilled lizard completely misses you.
The worm barely misses you.
The frilled lizard bites you but does no damage.
You slash the worm!
You kill the worm!
You miss the frilled lizard.
A dart slug comes into view.
The frilled lizard misses you.
You have reached level 4!
You feel clever.
You hit the ogre but do no damage. You completely miss the frilled lizard.
The ogre barely misses you. The frilled lizard bites you.
You hit the ogre.
The ogre is lightly wounded.
You closely miss the frilled lizard.
The frilled lizard bites you but does no damage.
The ogre hits you with a +0 giant club!!
Ouch! That really hurt!
You die...

#.......†)......... .
##.#.############.##
..##...# .### ......##
##....
..#...############....$.
.....†..##............w.
........................
##..###)...#....Ol......
................@†......
..............#.:.......
########################


You could see an ogre, a dart slug and a frilled lizard.

Vanquished Creatures
  An adder (D:2)
  2 worms (D:2)
  3 ball pythons (D:1)
  4 bats
  3 endoplasms
  A giant cockroach (D:1)
  9 goblins
  6 hobgoblins
  5 kobolds
  A quokka (D:1)
  A frilled lizard (D:2)
  2 rats (D:1)
38 creatures vanquished.

Notes
Turn   | Place    | Note
-------+----------+-------------------------------------------
     0 | D:1      | GorkyZ the Gargoyle Gladiator began the quest for the Orb.
     0 | D:1      | Reached XP level 1. HP: 12/12 MP: 1/1
   169 | D:1      | Reached XP level 2. HP: 14/17 MP: 2/2
   342 | D:1      | Reached skill level 3 in Axes
   673 | D:1      | Reached XP level 3. HP: 22/22 MP: 3/3
   743 | D:1      | Reached skill level 1 in Armour
  1517 | D:2      | Noticed an ogre
  1523 | D:2      | Reached XP level 4. HP: 21/27 MP: 4/4
  1524 | D:2      | Slain by an ogre

Illustrated notes

Levels and vault maps discovered:
D:1:      dpeg_arrival_morbid_curiosity, layout_basic
D:2:      layout_rooms, serial_corexii_hall, corexii_hall_statues_i,
          corexii_hall_statues_i, uniq_crazy_yiuf_cottage, uniq_robin

Skill      XL: |  1  2  3 |
---------------+----------+-----
Throwing       | 2 |  2.2
Axes           | 3 |  3.3
Armour         | 1 |  1.2
Fighting       | |  2.6
Dodging        | |  2.7

Action                   |  1- 3 |  4- 6 || total
-------------------------+-------+-------++-------
Melee: War axe           |   108 |     2 ||   110
Armor: Leather armour    |    17 |       ||    17
       Ring mail         |     7 |       ||     7
       Chain mail        |    24 |       ||    24
       Scale mail        |    16 |     1 ||    17
Dodge: Dodged            |    64 |     1 ||    65
